 Dungeon Crawl Stone Soup version 0.30-b1-2-g02819fbbbe (webtiles) character file.

Game seed: 6132863892499996789

15390 Alarion00 the Cleaver (level 12, -19/116 HPs)
             Began as a Minotaur Fighter on May 29, 2023.
             Succumbed to a redback's poison
             ... on level 2 of the Lair of Beasts.
             The game lasted 00:48:25 (12659 turns).

Alarion00 the Cleaver (Minotaur Fighter)           Turns: 12659, Time: 00:48:26

Health: -19/116    AC: 22    Str: 32    XL:     12   Next: 0%
Magic:  8/11       EV:  9    Int:  5    God:
Gold:   435        SH:  0    Dex: 10    Spells: 11/11 levels left

rFire   . . .        x - +3 battleaxe
rCold   . . .        (shield currently unavailable)
rNeg    . . .        h - +0 plate armour
rPois   .            (helmet restricted)
rElec   .            o - +1 cloak
rCorr   .            K - +0 pair of gloves
SInv    .            (no boots)
Will    .....        j - amulet of guardian spirit Stlth
                     e - +6 ring of strength
HPRegen 0.39/turn    g - +4 ring of protection
MPRegen 0.12/turn

%: guardian spirit
@: lethally poisoned (-19 -> -90)
A: horns 2, retaliatory headbutt
a: no special abilities


You were on level 2 of the Lair of Beasts.
You visited 3 branches of the dungeon, and saw 13 of its levels.
You also visited: Sewer.

You collected 831 gold pieces.
You spent 396 gold pieces at shops.

Inventory:

Hand Weapons
 a - a +1 war axe
 f - a +4 vampiric dagger
 p - a +5 flail
 x - a +3 battleaxe (weapon)
 L - a +3 mace
 M - a +1 mace of draining
 N - a +1 halberd
 R - a +3 war axe
Missiles
 H - 4 throwing nets (quivered)
Armour
 b - a +0 scale mail
 c - a +0 buckler
 h - a +0 plate armour (worn)
 l - +0 steam dragon scales
 m - the +3 leather armour of Gestures {+Inv Str+3 Dex+3 Stlth+}
   (You found it on level 2 of the Dungeon)

   Str:       It affects your strength (+3).
   Dex:       It affects your dexterity (+3).
   +Inv:      It lets you turn invisible.
   Stlth:     It makes you more stealthy.
 o - a +1 cloak (worn)
 K - a +0 pair of gloves (worn)
 P - a +0 pair of gloves
Jewellery
 e - a +6 ring of strength (left hand)
 g - a +4 ring of protection (right hand)
 j - an amulet of guardian spirit (around neck)
 v - a ring of fire
 C - a +5 ring of evasion
 I - a +5 ring of evasion
 J - a ring of see invisible
Wands
 z - a wand of iceblast (16)
Scrolls
 i - a scroll of summoning
 n - a scroll of magic mapping
 y - 3 scrolls of enchant weapon
 A - 10 scrolls of teleportation
 E - a scroll of immolation
 G - a scroll of vulnerability
 O - a scroll of poison
 Q - a scroll of amnesia
 T - a scroll of blinking {unknown}
Potions
 d - 2 potions of might
 k - 2 potions of curing
 q - 2 potions of magic
 r - 3 potions of brilliance
 s - a potion of haste
 t - a potion of ambrosia {unknown}
 u - a potion of resistance {unknown}
 w - a potion of mutation {unknown}
 B - 3 potions of attraction
 D - 6 potions of flight
 S - 2 potions of invisibility {unknown}
Miscellaneous
 F - a box of beasts


   Skills:
 * Level 13.8 Fighting
 + Level 14.9(15.1) Axes
 + Level 4.0(10.5) Maces & Flails
 + Level 10.4 Armour
 + Level 2.4 Dodging
 + Level 6.3 Shields
 + Level 1.0 Unarmed Combat


You had 11 spell levels left.
You didn't know any spells.
Your spell library contained the following spells:

 Spells                   Type           Power      Damage    Failure   Level
 Magic Dart               Conj           0%         1d3       97%         1
 Call Imp                 Summ           0%         N/A       99%         2
 Gell's Gravitas          Tloc           0%         N/A       100%        3
 Mephitic Cloud           Conj/Pois/Air  0%         N/A       100%        3
 Portal Projectile        Hex/Tloc       0%         N/A       100%        3
 Stone Arrow              Conj/Erth      0%         3d7       100%        3
 Teleport Other           Tloc           0%         N/A       100%        3
 Tukima's Dance           Hex            0%         N/A       100%        3
 Animate Armour           Summ/Erth      0%         N/A       100%        4
 Leda's Liquefaction      Hex/Erth       0%         N/A       100%        4
 Passage of Golubria      Tloc           0%         N/A       100%        4
 Blade Hands              Tmut           0%         N/A       100%        5
 Lee's Rapid Deconstruct  Erth           0%         3d4*      100%        5
 Silence                  Hex/Air        0%         N/A       100%        5
 Summon Forest            Summ/Tloc      0%         N/A       100%        5
 Summon Mana Viper        Hex/Summ       0%         N/A       100%        5
 Dispersal                Tloc           0%         N/A       100%        6
 Simulacrum               Ice/Necr       0%         N/A       100%        6
 Statue Form              Tmut/Erth      0%         N/A       100%        6
 Summon Cactus Giant      Summ           0%         N/A       100%        6
 Malign Gateway           Summ/Tloc      0%         N/A       100%        7
 Ozocubu's Refrigeration  Ice            0%         4d7       100%        7
 Lehudib's Crystal Spear  Conj/Erth      0%         10d2      100%        8
 Summon Horrible Things   Summ           0%         N/A       100%        8
 Polar Vortex             Ice            0%         N/A       100%        9


Dungeon Overview and Level Annotations

Branches:
Dungeon (10/15)            Temple (0/1) D:6            Lair (2/5) D:10
 Spider (1/4) Lair:2        Sewer (visited)
  Swamp: Lair:2-3    Shoals: Lair:2-3       Orc: D:9-12

Altars:
Elyvilon
Wu Jian
Xom
Yredelemnul
The Shining One

Shops:
D:6 *   D:8 =

Annotations:
D:6 1 runed translucent door
D:10 Grum


Innate Abilities, Weirdness & Mutations

You have a pair of horns on your head.
You reflexively headbutt those who attack you in melee.


Message History

You are caught in a web!
The jumping spider bites you but does no damage.
The redback barely misses you.
The web tears apart.
The jumping spider barely misses you. The jumping spider closely misses you.
The redback bites you.
You are poisoned.
The redback poisons you! The jumping spider barely misses you.
The jumping spider bites you but does no damage.
The jumping spider leaps!
A jumping spider comes into view.
The redback bites you!
You are lethally poisoned!
The redback poisons you!
You closely miss the jumping spider. You closely miss the redback.
The jumping spider's many legs skitter faintly.
You slash the jumping spider!
You feel extremely sick. The jumping spider pounces on you.
The jumping spider bites you but does no damage.
The jumping spider pounces on you. The jumping spider bites you.
The redback bites you.
You are more poisoned.
The redback poisons you!
The jumping spider attacks as you move away!
The jumping spider pounces on you!
The jumping spider bites you but does no damage.
* * * LOW HITPOINT WARNING * * *
You feel extremely sick.
The jumping spider leaps!
The jumping spider pounces on you!
* * * LOW HITPOINT WARNING * * *
The jumping spider bites you but does no damage.
The jumping spider pounces on you but does no damage.
The jumping spider barely misses you. The redback barely misses you.
There is a crawl-hole back to the Lair here.
* * * LOW HITPOINT WARNING * * *
You feel extremely sick.
The jumping spider leaps! x2; The redback misses you.
You furiously retaliate!
You headbutt the redback!
You climb upwards.
Welcome back to the Lair of Beasts!
You die...

#..P....# ...
#.......# ....
#.......# .....
##.......## .....#
#.........#
......##.........#
.....#.#..<.....#
......ss..........
.......@.........#
##..#########P.###
#. ###


You could see a jumping spider and a redback.

Vanquished Creatures
  Gastronok (D:10)
  3 two-headed ogres
  3 elephants (Lair:1)
  Maurice (D:8)
  A cane toad (Lair:1)
  Maggie (D:8)
  A rime drake (Lair:1)
  A kobold demonologist (D:10)
  A komodo dragon (Lair:1)
  An unseen horror (D:10)
  A troll (D:10)
  4 blink frogs (Lair:1)
  3 wyverns
  2 basilisks (Lair:1)
  15 yaks
  A redback (Spider:1)
  3 water moccasins
  2 orc warriors (D:10)
  A black bear (D:8)
  2 ice beasts (D:5)
  8 wolves
  2 centaurs
  2 ogres
  A phantom (D:5)
  7 bullfrogs
  5 gnoll sergeants
  9 scorpions
  9 wights
  12 killer bees
  2 howler monkeys
  2 electric eels (D:10)
  7 orc priests
  9 hounds
  3 jellies
  3 gnoll boudas (D:8)
  5 sleepcaps
  2 iguanas
  3 orc wizards
  A sickly merfolk siren (Sewer)
  A malarious merfolk avatar (Sewer)
  6 adders
  28 gnolls
  2 river rats (Sewer)
  3 white imps
  An ufetubus (D:5)
  A worm (D:3)
  5 dart slugs
  40 orcs
  12 ball pythons
  8 endoplasms
  12 giant cockroaches
  12 goblins
  7 hobgoblins
  13 jackals
  7 kobolds
  8 quokkas
  5 bats
  9 frilled lizards
  24 rats
  2 butterflies (D:6)
346 creatures vanquished.

Vanquished Creatures (others)
  A kobold (D:10)
  A fungus (Lair:1)
  4 plants (Lair:1)
6 creatures vanquished.

Grand Total: 352 creatures vanquished

Notes
Turn   | Place    | Note
-------+----------+-------------------------------------------
     0 | D:1      | Alarion00 the Minotaur Fighter began the quest for the Orb.
     0 | D:1      | Reached XP level 1. HP: 19/19 MP: 0/0
   112 | D:1      | Reached XP level 2. HP: 27/27 MP: 1/1
   282 | D:1      | Reached XP level 3. HP: 34/34 MP: 2/2
   825 | D:2      | Reached skill level 3 in Axes
   833 | D:2      | Identified the +3 leather armour of Gestures {+Inv Str+3
                  | Dex+3 Stlth+}
  1167 | D:2      | Found a glowing golden altar of the Shining One.
  1805 | D:3      | Reached XP level 4. HP: 41/41 MP: 3/3
  1823 | D:3      | Found a white marble altar of Elyvilon.
  1929 | D:3      | Reached skill level 4 in Axes
  1952 | D:3      | Reached skill level 5 in Fighting
  1952 | D:3      | Reached XP level 5. HP: 45/48 MP: 4/4
  2545 | D:3      | Found a faded altar of an unknown god.
  2556 | D:3      | Reached skill level 5 in Axes
  2556 | D:3      | Reached XP level 6. HP: 52/57 MP: 5/5
  2619 | D:3      | Found an ornate altar of the Wu Jian Council.
  3221 | D:4      | Reached skill level 5 in Armour
  3452 | D:4      | Found a glowing drain.
  3491 | Sewer    | Entered a sewer
  3745 | Sewer    | Reached XP level 7. HP: 64/64 MP: 6/6
  3754 | Sewer    | Reached skill level 6 in Axes
  4430 | D:5      | Entered Level 5 of the Dungeon
  4523 | D:5      | Reached skill level 7 in Axes
  4549 | D:5      | Noticed a wyvern
  4556 | D:5      | Killed a wyvern
  4557 | D:5      | Reached XP level 8. HP: 67/73 MP: 5/7
  4561 | D:5      | Reached skill level 8 in Axes
  5101 | D:5      | Reached skill level 9 in Axes
  5101 | D:5      | Reached skill level 1 in Dodging
  5101 | D:5      | Reached skill level 5 in Shields
  5534 | D:6      | Found Joleod's General Store.
  5685 | D:6      | Found a staircase to the Ecumenical Temple.
  6079 | D:6      | Found a runed translucent door.
  6087 | D:6      | Found a runed translucent door.
  6156 | D:6      | Reached skill level 10 in Axes
  6156 | D:6      | Reached XP level 9. HP: 77/80 MP: 8/8
  6268 | D:7      | Found a basalt altar of Yredelemnul.
  6355 | D:7      | Reached skill level 11 in Axes
  7208 | D:8      | Found Ewithroh's Jewellery Shoppe.
  7216 | D:8      | Bought a +6 ring of strength for 396 gold pieces
  7286 | D:8      | Reached skill level 10 in Fighting
  7353 | D:8      | Reached skill level 12 in Axes
  7404 | D:8      | Found a shimmering altar of Xom.
  7420 | D:8      | Noticed Maggie
  7439 | D:8      | Killed Maggie
  7440 | D:8      | Reached XP level 10. HP: 93/93 MP: 9/9
  7664 | D:8      | Noticed Maurice
  8010 | D:8      | Reached skill level 1 in Maces & Flails
  8161 | D:8      | Reached skill level 1 in Unarmed Combat
  8300 | D:8      | Killed Maurice
  8881 | D:9      | Noticed a two-headed ogre
  8885 | D:9      | Killed a two-headed ogre
  9288 | D:9      | Noticed a two-headed ogre
  9294 | D:9      | Killed a two-headed ogre
  9295 | D:9      | Reached skill level 13 in Axes
  9295 | D:9      | Reached XP level 11. HP: 104/104 MP: 8/10
  9451 | D:10     | Entered Level 10 of the Dungeon
  9766 | D:10     | Noticed Gastronok
  9766 | D:10     | Noticed a two-headed ogre
  9777 | D:10     | Killed a two-headed ogre
  9792 | D:10     | Killed Gastronok
 10210 | D:10     | Found a staircase to the Lair.
 10234 | D:10     | Noticed Grum
 10586 | D:10     | Reached skill level 14 in Axes
 11162 | Lair:1   | Entered Level 1 of the Lair of Beasts
 11391 | Lair:1   | Reached skill level 10 in Armour
 12636 | Lair:2   | Found a hole to the Spider Nest.
 12648 | Spider:1 | Entered Level 1 of the Spider Nest
 12653 | Spider:1 | Reached XP level 12. HP: 115/116 MP: 11/11
 12658 | Spider:1 | HP: 2/116 [poisoned by a redback]
 12659 | Lair:2   | Succumbed to a redback's poison

Illustrated notes

Levels and vault maps discovered:
D:1:      amcnicky_arrival_flooded_fountain, layout_loops_ring
D:2:      layout_basic, basic_altar, patterned_corridor
D:3:      layout_loops_cross, mainiacjoe_overflow_swirl,
          shapermc_ecumenical_altar_acropolis, st_stairs_13,
          minmay_misc_feat_rows, serial_park_tiny_1, minmay_door_square,
          chequers_garden, ebering_dispersal_statue_hall, grunt_ministairs_3,
          minmay_cut_off
D:4:      layout_loops_ring, gup_sewer_entry_pipe, minmay_quadrilaterals
D:5:      layout_basic, minmay_fractal_squares_diagonal_5
D:6:      lemuel_insect_pit, layout_basic, temple_statues, serial_shops,
          shop_statue, corner_web_ring, minmay_splitting_lines,
          minmay_fractal_squares_gapless_5
D:7:      layout_basic, general_overflow_altar, serial_glass, glass_columns_a,
          glass_columns_a, item_on_display_a, item_on_display_a
D:8:      layout_cave_pools, xom_teletrap_fun, serial_gnoll_camp,
          gnoll_camp_huts_basic, gnoll_camp_mini_hut, gnoll_camp_mini_hut,
          gnoll_camp_medium_01, gnoll_camp_mini_house, serial_shops,
          nicolae_diamond_shop, kennysheep_generic_room_8, uniq_maggie,
          uniq_maurice
D:9:      layout_roguey
D:10:     layout_stronghold, chequers_temple_overflow_statue_of_worship,
          erik_lair_island, orc_0_dummy, serial_shops,
          nicolae_shop_hallway_stairs, uniq_gastronok, uniq_grum
Lair:1:   layout_layer_cave, grunt_megastairs_3, lemuel_fruit_tree
Lair:2:   nzn_winding_woodlands_cross [nzn_winding_woodlands_5x15_crooked,
          nzn_winding_woodlands_5x15_river_crossing,
          nzn_winding_woodlands_5x15_pathside_ponds,
          nzn_winding_woodlands_5x15_longhouse,
          nzn_winding_woodlands_15x15_eel_pit], layout_small_grid,
          dummy_spider_entry, special_room [special_room_bee],
          hangedman_tree_tricks, serial_bayou_shore_b,
          infiniplex_staircase_pool, lemuel_fruit_fields
Spider:1: layout_spider_delve, uniq_josephine

Skill      XL: |  1  2  3  4  5  6  7  8  9 10 11 |
---------------+----------------------------------+-----
Fighting       | 4 5 6 7 8 10 11 13 | 13.8
Armour         | 4 5 6 7 9 10 | 10.4
Axes           | 3 4 5 7 10 12 13 14 | 14.9
Shields        | 4 5 6 |  6.3
Dodging        | 1 2 |  2.4
Maces & Flails | 3 4 |  4.0
Unarmed Combat | 1 |  1.0

Action                     |  1- 3 |  4- 6 |  7- 9 | 10-12 || total
---------------------------+-------+-------+-------+-------++-------
  Melee: War axe           |    80 |   162 |   252 |    50 ||   544
         Headbutt          |     7 |    32 |    43 |    59 ||   141
         Flail             |       |       |       |    71 ||    71
         Battleaxe         |       |       |       |   188 ||   188
         Unarmed           |       |       |       |    15 ||    15
    Use: Scroll            |       |     4 |    12 |     6 ||    22
         Potion            |       |     1 |     1 |     5 ||     7
 Armour: Scale mail        |    15 |       |       |       ||    15
         Plate armour      |    19 |    89 |   135 |   264 ||   507
         Skin              |       |       |       |     3 ||     3
  Dodge: Dodged            |    42 |    52 |   131 |   168 ||   393
  Block: Buckler           |    19 |    26 |    55 |    26 ||   126
